 Dungeon Crawl Stone Soup version 0.21-a0-122-g43b3ea6 (webtiles) character file.

762 Ordine the Conjurer (level 7, -3/36 HPs)
             Began as a Tengu Wizard on July 12, 2017.
             Was a Follower of Okawaru.
             Slain by Eustachio
             ... wielding a +1 falchion of electrocution
              (19 damage)
             ... on level 4 of the Dungeon.
             The game lasted 00:17:29 (6858 turns).

Ordine the Conjurer (Tengu Wizard)                  Turns: 6858, Time: 00:17:29

Health: -3/36      AC:  4    Str: 13    XL:     7   Next: 81%
Magic:  1/14       EV: 13    Int: 20    God:    Okawaru [*.....]
Gold:   199        SH:  0    Dex: 12    Spells: 5/14 levels left

rFire    . . .     SeeInvis .   o - +0 rapier (curse)
rCold    . . .     Gourm    .   (no shield)
rNeg     . . .     Faith    .   n - +0 robe (curse)
rPois    .         Spirit   .   b - +0 hat
rElec    .         Reflect  .   (no cloak)
rCorr    +         Harm     .   r - +1 pair of gloves
MR       .....                  (boots unavailable)
Stlth    ++........             (no amulet)
HPRegen  0.12/turn              e - ring of resist corrosion
MPRegen  0.14/turn              (no ring)

@: mighty
A: beak, talons 3, able to fly 1
a: Fly, Heroism, Renounce Religion


You were on level 4 of the Dungeon.
You worshipped Okawaru.
Okawaru was aware of your devotion.
You were not hungry.

You visited 2 branches of the dungeon, and saw 6 of its levels.

You collected 199 gold pieces.

Inventory:

Hand Weapons
 k - a +2 mace of protection
 o - a cursed +0 rapier (weapon)
 u - a +1 mace of draining
Armour
 a - a +0 leather armour
 b - a +0 hat (worn)
 g - a +2 buckler
 n - a cursed +0 robe (worn)
 r - a +1 pair of gloves (worn)
Jewellery
 e - a ring of resist corrosion (left hand)
 p - a +3 ring of intelligence {unknown}
Scrolls
 i - a scroll of enchant weapon
 v - a scroll of fog
Potions
 f - 2 potions of haste
 j - a potion of mutation
 m - a potion of heal wounds
 t - a potion of degeneration {unknown}
 w - a potion of cancellation {unknown}
Books
 c - a book of Minor Magic

   Spells                             Type                      Level
   a - Magic Dart                     Conjuration                  1
   b - Blink                          Translocation                2
   c - Call Imp                       Summoning                    2
   d - Slow                           Hexes                        2
   e - Conjure Flame                  Conjuration/Fire             3
   f - Mephitic Cloud                 Conjuration/Poison/Air       3
Comestibles
 d - 3 bread rations
 l - 4 meat rations
 q - a royal jelly
 s - 6 fruits


   Skills:
 + Level 2.7 Dodging
 + Level 3.8 Stealth
 * Level 0.2 Shields
 - Level 4.0 Spellcasting
 - Level 5.0 Conjurations
   Level 1.2 Summonings
 - Level 3.0 Translocations
 + Level 2.5 Fire Magic
 + Level 3.5 Air Magic
 + Level 2.0 Poison Magic


You had 5 spell levels left.
You knew the following spells:

 Your Spells              Type           Power        Failure   Level  Hunger
a - Magic Dart            Conj           ###.         1%          1    None
b - Blink                 Tloc           N/A          5%          2    #......
c - Conjure Flame         Conj/Fire      ###.....     9%          3    ###....
d - Mephitic Cloud        Conj/Pois/Air  ###.....     9%          3    ###....


Dungeon Overview and Level Annotations

Branches:
Dungeon (5/15)             Temple (1/1) D:4

Altars:
Ashenzari
Dithmenos
Elyvilon
Fedhas
Hepliaklqana
Kikubaaqudgha
Makhleb
Okawaru
Qazlal
Ru
Sif Muna
Trog
Uskayaw
Vehumet
Wu Jian
Xom
Yredelemnul
Zin
The Shining One

Annotations:
D:4 Eustachio
D:5 Prince Ribbit


Innate Abilities, Weirdness & Mutations

You have a beak for a mouth.
You have claws for feet.
You can fly.


Message History

Confirm with . or Enter, or press ? or * to list all spells.
Aiming: Magic Dart
Press: ? - help, Shift-Dir - straight line, f/p - Eustachio
Aim: Eustachio, wielding a falchion of electrocution and wearing a dyed leather armour (lightly wounded)
The magic dart hits Eustachio.
Eustachio is lightly wounded.
The hound barks!
Eustachio hits you with a falchion of electrocution.
Eustachio hits you with a falchion of electrocution!
You are electrocuted!
* * * LOW HITPOINT WARNING * * *
You climb upwards.
There is a stone staircase leading down here.
You feel much better.
Eustachio hits you with a falchion of electrocution.
You feel very mighty all of a sudden.
Eustachio hits you with a falchion of electrocution.
You are electrocuted!
Ouch! That really hurt!
You die...

##.......)..........'..#
#.#
#............).._...##.#
#.#
#...#..8.#......?..###.#
#.#
#..###.....#######.###.#
#.# #..#.#..8..# #<....#
#.# #..#_'.....# #######
#.# #..#.#..8..# #⌠...⌠#
#.#
##.###.....#######.....#
#.#
#..#..8...#@@...'.._..#
#.#
##.......########.....#
#.# ##.....## #⌠...⌠#
##.# ####### #######
#... #... #... #... #...
#...


You could see Eustachio.

Vanquished Creatures
  The ghost of Ordine the Conjurer, an amateur TeWz of Okawaru (D:4)
  Edmund (D:4)
  The ghost of Ordine the Conjurer, an amateur TeWz (D:3)
  A scorpion (D:4)
  A crimson imp (D:3)
  An orc wizard (D:4)
  Ijyb (D:3)
  A worker ant (D:4)
  A hound skeleton (D:4)
  A hound zombie (D:5)
  4 gnolls
  4 adders
  An ooze (D:1)
  6 worms
  4 dart slugs
  A leopard gecko (D:2)
  16 orcs
  2 ball pythons (D:1)
  3 bat zombies (D:2)
  A giant cockroach (D:4)
  7 goblins
  9 hobgoblins
  15 kobolds
  3 quokkas
  9 bats
  5 frilled lizards
  A jackal skeleton (D:4)
  A quokka skeleton (D:4)
  30 rats
  A rat zombie (D:2)
133 creatures vanquished.

Notes
Turn   | Place    | Note
-------+----------+-------------------------------------------
     0 | D:1      | Ordine the Tengu Wizard began the quest for the Orb.
     0 | D:1      | Reached XP level 1. HP: 10/10 MP: 5/5
   102 | D:1      | Reached skill level 2 in Conjurations
   112 | D:1      | Reached XP level 2. HP: 15/15 MP: 1/7
   175 | D:1      | Learned a level 2 spell: Blink
   248 | D:1      | Reached skill level 1 in Translocations
   384 | D:1      | Reached XP level 3. HP: 16/19 MP: 0/8
   453 | D:1      | Learned a level 3 spell: Conjure Flame
   749 | D:2      | Found a shimmering altar of Xom.
  1056 | D:2      | Reached skill level 3 in Conjurations
  1292 | D:2      | Reached XP level 4. HP: 24/24 MP: 3/9
  1508 | D:2      | Learned a level 3 spell: Mephitic Cloud
  2273 | D:2      | Found an ancient bone altar of Kikubaaqudgha.
  2502 | D:3      | Noticed Ordine's ghost (amateur TeWz)
  2541 | D:3      | Found an iron altar of Okawaru.
  2544 | D:3      | Became a worshipper of Warmaster Okawaru
  2598 | D:3      | Found an ornate altar of the Wu Jian Council.
  2893 | D:3      | Gained mutation: You can fly. [Tengu growth]
  2893 | D:3      | Reached XP level 5. HP: 28/28 MP: 3/11
  3143 | D:3      | HP: 1/28 [Ordine's ghost/magic dart (8)]
  3459 | D:2      | Reached skill level 1 in Air Magic
  3581 | D:3      | Killed Ordine's ghost
  3581 | D:3      | Reached skill level 4 in Conjurations
  3581 | D:3      | Reached skill level 1 in Fire Magic
  3581 | D:3      | Reached skill level 1 in Poison Magic
  3782 | D:3      | Reached XP level 6. HP: 21/32 MP: 1/12
  4231 | D:3      | Noticed Ijyb
  4254 | D:3      | Killed Ijyb
  4666 | D:4      | Noticed Ordine's ghost (amateur TeWz)
  5490 | D:4      | Reached skill level 5 in Conjurations
  5497 | D:3      | Reached XP level 7. HP: 35/36 MP: 0/13
  5773 | D:4      | Killed Ordine's ghost
  5773 | D:4      | Reached * piety under Okawaru
  6003 | D:4      | Found a basalt altar of Yredelemnul.
  6042 | D:4      | Found a staircase to the Ecumenical Temple.
  6054 | Temple   | Entered the Ecumenical Temple
  6236 | D:4      | Noticed Edmund
  6294 | D:4      | Killed Edmund
  6412 | D:4      | Found a glowing silver altar of Zin.
  6588 | D:5      | Entered Level 5 of the Dungeon
  6588 | D:5      | Noticed Prince Ribbit
  6690 | D:5      | Noticed Eustachio
  6702 | D:4      | Found a radiant altar of Vehumet.
  6858 | D:4      | Slain by Eustachio

Vault maps used:
D:1:      eino_arrival_cavern_b
D:2:      xom_butterflies, lemuel_zombie_altar_kikubaaqudgha, nrook_mini_vaults,
          minmay_rat_hole
D:3:      lemuel_crystal_altar, lemuel_crystal_altar, first_bread, uniq_ijyb
D:4:      lemuel_upstairs_altar, zin_statuary, overflow_temple_1_default,
          minmay_temple_entry_glassed_door, uniq_edmund
D:5:      grunt_temple_overflow_opulence, lemuel_angel_altar, uniq_eustachio,
          uniq_prince_ribbit1
Temple:   dshaligram_water_room_temple

Skill      XL: |  1  2  3  4  5  6  7 |
---------------+----------------------+-----
Conjurations   | 2 3 4 5 |  5.0
Translocations | 1 2 3 |  3.0
Air Magic      | 1 2 3 |  3.5
Stealth        | 3 |  3.8
Fire Magic     | 1 2 |  2.5
Poison Magic   | 1 2 |  2.0
Spellcasting   | 4 |  4.0
Dodging        | |  2.7
Shields        | |  0.2
Summonings     | |  1.2

Action                   |  1- 3 |  4- 6 |  7- 9 || total
-------------------------+-------+-------+-------++-------
Melee: Unarmed           |     1 |       |       ||     1
       Club              |     5 |       |       ||     5
       Kick              |     2 |    10 |     4 ||    16
       Mace              |    10 |       |       ||    10
       Rapier            |       |    67 |    16 ||    83
       Peck              |       |     6 |     5 ||    11
 Cast: Magic Dart        |    68 |   244 |    84 ||   396
       Mephitic Cloud    |       |       |     3 ||     3
  Use: Scroll            |     5 |    12 |     2 ||    19
       Potion            |       |     4 |     2 ||     6
 Stab: Confused          |       |       |     1 ||     1
  Eat: Chunk             |     1 |    13 |     4 ||    18
Armor: Robe              |     8 |    15 |     4 ||    27
       Skin              |       |     3 |       ||     3
Dodge: Dodged            |    21 |    71 |    20 ||   112
